 Dungeon Crawl Stone Soup version 0.25.1-2-g60ff931df9 (webtiles) character file.

Game seed: 4506756750694754680

229 DearestLeader the Distorting Demonspawn (level 5, -1/41 HPs)
             Began as a Demonspawn Abyssal Knight on Sept 25, 2020.
             Was a Believer of Lugonu.
             Slain by Crazy Yiuf
             ... wielding a +3 quarterstaff of chaos
              (6 damage)
             ... on level 3 of the Dungeon.
             The game lasted 00:07:44 (4598 turns).

DearestLeader the Distorting Demonspawn (DsAK)      Turns: 4598, Time: 00:07:44

Health: -1/41      AC: 10    Str: 13    XL:     5   Next: 71%
Magic:  8/8        EV:  6    Int: 19    God:    Lugonu [**....]
Gold:   186        SH:  0    Dex: 13    Spells: 4/4 levels left

rFire    + . .     SeeInvis .   v - +3 trident (flame)
rCold    . . .     Gourm    .   (no shield)
rNeg     . . .     Faith    .   q - +0 chain mail
rPois    .         Spirit   .   (no helmet)
rElec    .         Reflect  .   b - scarf {+Inv}
rCorr    .         Harm     .   (no gloves)
MR       .....                  (no boots)
Stlth    ..........             (no amulet)
HPRegen  0.13/turn              l - +6 ring of intelligence
MPRegen  0.11/turn              (no ring)

@: lightly drained
A: talons 1, slimy green scales 1, fire resistance 1
a: Depart the Abyss, Bend Space, Renounce Religion, Evoke Invisibility


You were on level 3 of the Dungeon.
You worshipped Lugonu.
Lugonu was pleased with you.
You were not hungry.

You visited 1 branch of the dungeon, and saw 3 of its levels.
You visited the Abyss 1 time.
You also visited: Sewer.

You collected 186 gold pieces.

Inventory:

Hand Weapons
 a - a +1 hand axe
 v - a +3 trident of flaming (weapon)
Missiles
 n - 30 poisoned darts (quivered)
Armour
 b - a scarf of invisibility (worn)
 q - a +0 chain mail (worn)
Jewellery
 l - a +6 ring of intelligence (left hand)
Scrolls
 f - a scroll of fear {unknown}
 g - 2 scrolls of amnesia {unknown}
 j - 3 scrolls of identify {unknown}
 o - 3 scrolls of random uselessness {unknown}
 p - 2 scrolls of remove curse {unknown}
 t - a scroll of teleportation {unknown}
 u - a scroll of enchant weapon {unknown}
Potions
 d - 3 potions of lignification {unknown}
 e - 2 potions of mutation {unknown}
 h - a potion of brilliance {unknown}
 i - 2 potions of stabbing {unknown}
 k - 2 potions of curing {unknown}
 m - 4 potions of flight {unknown}
 r - 2 potions of heal wounds
Comestibles
 c - 9 rations


   Skills:
 - Level 3.0(2.7) Fighting
 * Level 4.5(4.3) Axes
 + Level 2.0(1.8) Armour
 - Level 0.8(0.6) Dodging
 + Level 4.8(4.5) Invocations


You had 4 spell levels left.
You didn't know any spells.
Your spell library contained the following spells:

 Spells                   Type           Power        Failure   Level  Hunger
 Pain                     Necr           #...         100%        1    ##.....


Dungeon Overview and Level Annotations

Branches:
Dungeon (3/15)              Sewer (visited)

Altars:
Kikubaaqudgha
Makhleb
Nemelex Xobeh
Ru
Sif Muna
Vehumet

Annotations:
D:3 Crazy Yiuf


Innate Abilities, Weirdness & Mutations

You have sharp toenails.
You are partially covered in slimy green scales. (AC +2)
Your flesh is heat resistant. (rF+)


Message History

You hit Crazy Yiuf but do no damage.
Crazy Yiuf is moderately wounded.
Crazy Yiuf barely misses you.
You closely miss Crazy Yiuf. Your kick misses Crazy Yiuf.
Crazy Yiuf is moderately wounded.
Crazy Yiuf hits you but does no damage.
You are electrocuted!
You hit Crazy Yiuf. You burn Crazy Yiuf. You claw Crazy Yiuf, but do no damage.
Crazy Yiuf is heavily wounded.
Crazy Yiuf hits you with a +3 quarterstaff of chaos!
You are electrocuted!
* * * LOW HITPOINT WARNING * * *
You hit Crazy Yiuf. You burn Crazy Yiuf.
Crazy Yiuf is heavily wounded.
Crazy Yiuf hits you with a +3 quarterstaff of chaos.
* * * LOW HITPOINT WARNING * * *
You feel drained.
Crazy Yiuf hits you with a +3 quarterstaff of chaos.
* * * LOW HITPOINT WARNING * * *
Space bends around you.
You die...

####.#.#........
#############
###♣♣♣♣♣
##..P.♣.♣♣♣ ###
##...P♣.♣..♣#...#
#......♣♣♣♣.'...#
#.g..P♣♣ ♣♣#..)#
#@###♣♣ ### #.#
#.# #.#########
### # #.........#
#.# #
##.####.#.## #.#
#
#.##......###.###
#.##.#.#.........
#.##.#........#..


You could see Crazy Yiuf.

Vanquished Creatures
  A big kobold (Sewer)
  Terence (D:3)
  2 adders
  A river rat (Sewer)
  3 worms
  3 dart slugs (D:2)
  4 leopard geckos
  4 giant cockroaches
  10 goblins
  7 hobgoblins
  21 jackals
  9 kobolds
  A quokka (D:3)
  A ball python (D:1)
  4 bats
  12 rats
  2 fungi (D:3)
86 creatures vanquished.

Notes
Turn   | Place    | Note
-------+----------+-------------------------------------------
     0 | Abyss:1  | DearestLeader the Demonspawn Abyssal Knight began the quest
                  | for the Orb.
     0 | Abyss:1  | Reached XP level 1. HP: 18/18 MP: 2/2
    52 | Abyss:1  | Found an ornate altar of the Wu Jian Council.
   117 | Abyss:1  | Noticed a small abomination
   118 | D:1      | Escaped the Abyss
   438 | D:1      | Gained mutation: Your flesh is heat resistant. (rF+)
                  | [demonic ancestry]
   438 | D:1      | Reached XP level 2. HP: 20/24 MP: 4/4
   639 | D:1      | Reached * piety under Lugonu
  1015 | D:2      | Gained mutation: You are partially covered in slimy green
                  | scales. (AC +2) [demonic ancestry]
  1015 | D:2      | Reached XP level 3. HP: 25/29 MP: 5/5
  1048 | D:2      | Found an ancient bone altar of Kikubaaqudgha.
  1048 | D:2      | Found a shimmering blue altar of Sif Muna.
  1052 | D:2      | Found a radiant altar of Vehumet.
  1054 | D:2      | Identified Kikubaaqudgha's Catalogue of Dark Rites
  2319 | D:2      | Reached XP level 4. HP: 34/35 MP: 6/6
  2359 | D:2      | Reached ** piety under Lugonu
  3113 | D:3      | Found a glowing drain.
  3134 | Sewer    | Entered a sewer
  3277 | Sewer    | Noticed a big kobold
  3297 | Sewer    | Killed a big kobold
  3297 | Sewer    | Gained mutation: You have sharp toenails. [demonic
                  | ancestry]
  3297 | Sewer    | Reached XP level 5. HP: 34/41 MP: 8/8
  3358 | Sewer    | Found a white marble altar of Elyvilon.
  3779 | D:3      | Noticed Terence
  3831 | D:3      | Killed Terence
  4058 | D:3      | Found a sacrificial altar of Ru.
  4146 | D:3      | Found a burning altar of Makhleb.
  4480 | D:3      | Found a sparkling altar of Nemelex Xobeh.
  4578 | D:3      | Found a runed translucent door.
  4579 | D:3      | Noticed Crazy Yiuf
  4598 | D:3      | Slain by Crazy Yiuf

Illustrated notes

Levels and vault maps discovered:
D:1:      minmay_arrival_plants_in_alcoves, layout_basic
D:2:      layout_loops_ring, grunt_temple_overflow_magic_moments,
          minmay_quadrilaterals
D:3:      layout_loops_corners, lemuel_crystal_altar, nicolae_ru_path_of_blood,
          portal_sewer_entry_b, nemelex_diamond_rough_becter, uniq_terence,
          uniq_crazy_yiuf_cottage

Skill      XL: |  1  2  3  4  5 |
---------------+----------------+-----
Axes           | 2 3 4 |  4.5
Invocations    | 3 4 |  4.8
Armour         | 2 |  2.0
Fighting       | |  3.0
Dodging        | |  0.8

Action                   |  1- 3 |  4- 6 || total
-------------------------+-------+-------++-------
Melee: Hand axe          |   177 |   144 ||   321
       Trident           |       |    27 ||    27
       Kick              |       |    16 ||    16
Throw: Dart              |       |     5 ||     5
Invok: Depart the Abyss  |     1 |       ||     1
  Eat: Chunk             |     4 |     8 ||    12
Armor: Leather armour    |    12 |       ||    12
       Ring mail         |    80 |    35 ||   115
       Chain mail        |       |    43 ||    43
Dodge: Dodged            |   109 |   103 ||   212
